 Dungeon Crawl Stone Soup version 0.27-a0-684-g359e429f13 (webtiles) character file.

Game seed: 17578084393130875523

161 Dreamer the Skirmisher (level 5, -2/43 HPs)
             Began as a Barachi Berserker on Mar 20, 2021.
             Was a Believer of Trog.
             Killed by nerve-wracking pain
             ... invoked by Grinder
              (6 damage)
             ... while paralysed by Grinder
             ... on level 3 of the Dungeon.
             The game lasted 00:07:00 (2621 turns).

Dreamer the Skirmisher (Barachi Berserker)          Turns: 2621, Time: 00:07:00

Health: -2/43      AC:  9    Str: 19    XL:     5   Next: 42%
Magic:  5/5        EV:  2    Int:  8    God:    Trog [**....]
Gold:   136        SH:  0    Dex: 11    Spells: 4/4 levels left

rFire    . . .     SeeInvis .   a - +0 falchion
rCold    . . .     Faith    .   (no shield)
rNeg     . . .     Spirit   .   c - +0 chain mail
rPois    .         Reflect  .   (no helmet)
rElec    .         Harm     .   (no cloak)
rCorr    +         Rampage  .   (no gloves)
Will     .....                  (no boots)
Stlth    ..........             (no amulet)
HPRegen  0.14/turn              i - ring of resist corrosion
MPRegen  0.09/turn              (no ring)

@: paralysed, slow
A: +LOS, amphibious, slowness 1, strong legs 1
a: Hop, Renounce Religion, Berserk, Trog's Hand


You were on level 3 of the Dungeon.
You worshipped Trog.
Trog was pleased with you.
You visited 1 branch of the dungeon, and saw 3 of its levels.

You collected 136 gold pieces.

Inventory:

Hand Weapons
 a - a +0 falchion (weapon)
Armour
 c - a +0 chain mail (worn)
Jewellery
 i - a ring of resist corrosion (right hand)
 l - an amulet of magic regeneration
Scrolls
 b - 2 scrolls of identify {unknown}
 e - a scroll of fear {unknown}
 f - a scroll of immolation {unknown}
 h - a scroll of blinking {unknown}
 k - a scroll of teleportation {unknown}
Potions
 d - a potion of haste {unknown}
 g - a potion of might {unknown}
 j - a potion of mutation {unknown}


   Skills:
 + Level 4.7 Fighting
 + Level 4.7 Long Blades
 + Level 3.9 Armour
 + Level 3.4 Dodging


You had 4 spell levels left.
You didn't know any spells.
Your spell library was empty.

Dungeon Overview and Level Annotations

Branches:
Dungeon (3/15)

Altars:
Gozag
Hepliaklqana
Vehumet

Annotations:
D:3 Grinder


Innate Abilities, Weirdness & Mutations

You can be seen from farther away. (+LOS)
You are amphibious.
You cover ground slowly.
You can hop short distances.


Message History

The howler monkey hits you but does no damage.
You closely miss the howler monkey.
The howler monkey is severely wounded.
The howler monkey hits you but does no damage.
You hit the howler monkey.
The howler monkey is almost dead.
The howler monkey closely misses you.
The howler monkey hits you but does no damage.
You hit the howler monkey but do no damage.
The howler monkey is almost dead.
The howler monkey hoots and howls with incredible vigour!
You barely miss the howler monkey.
The howler monkey is almost dead.
The howler monkey hits you but does no damage.
You barely miss the howler monkey.
The howler monkey is almost dead.
The howler monkey hits you but does no damage.
You closely miss the howler monkey.
The howler monkey is almost dead.
The howler monkey barely misses you.
The howler monkey hoots and howls with incredible vigour!
You hear an angry hiss.
You slash the howler monkey!
You kill the howler monkey!
Trog accepts your kill.
You see here a howler monkey corpse.
Grinder comes into view.
Grinder gestures at you. Pain shoots through your body!
* * * LOW HITPOINT WARNING * * *
Grinder gestures at you.
You suddenly lose the ability to move!
Grinder gestures at you. Pain shoots through your body!
* * * LOW HITPOINT WARNING * * *
Grinder gestures at you.
You shrug off the repeated paralysis!
Grinder gestures at you. Pain shoots through your body!
You die...

#.....$....# #####......
#..........# #..........
#..........###..........
#............'..........
###..........###..........
#........5..†# ##.##+##.#
#..........####)## #
+#........#.....#.#
+.....@..#.#####.
#.######.#.# #.. .. #.#.#
#.# #.#†###.# #.......#
#.......# #.....†<#
#.......# #.#.....#


You could see Grinder.

Vanquished Creatures
  A howler monkey (D:3)
  5 adders
  3 worms
  4 dart slugs
  An orc (D:2)
  A ball python (D:2)
  3 giant cockroaches
  8 goblins
  7 hobgoblins
  2 jackals (D:1)
  2 quokkas
  4 bats
  4 frilled lizards
  9 kobolds
  7 rats
  A spectral orc (D:2)
62 creatures vanquished.

Vanquished Creatures (others)
  An adder (D:2)
1 creature vanquished.

Grand Total: 63 creatures vanquished

Notes
Turn   | Place    | Note
-------+----------+-------------------------------------------
     0 | D:1      | Dreamer the Barachi Berserker began the quest for the Orb.
     0 | D:1      | Reached XP level 1. HP: 18/18 MP: 1/1
   272 | D:1      | Reached XP level 2. HP: 25/25 MP: 2/2
   699 | D:1      | Reached XP level 3. HP: 30/30 MP: 3/3
  1325 | D:2      | Reached ** piety under Trog
  1632 | D:2      | Reached XP level 4. HP: 37/37 MP: 4/4
  1659 | D:2      | Found a hazy altar of Hepliaklqana.
  1712 | D:2      | Found an opulent altar of Gozag.
  1954 | D:2      | Found a radiant altar of Vehumet.
  2570 | D:3      | Reached XP level 5. HP: 28/43 MP: 5/5
  2611 | D:3      | Noticed Grinder
  2616 | D:3      | Paralysed by Grinder for 7 turns
  2621 | D:3      | Killed from afar by Grinder

Illustrated notes

Levels and vault maps discovered:
D:1:      minmay_arrival_shattered_statue, layout_basic
D:2:      layout_loops_ring, fiery_altar_vehumet,
          nicolae_hepliaklqana_monster_ancestors, grunt_gozag_statues
D:3:      layout_basic, cheibrodos_sewer_entry_drain, serial_shops,
          nicolae_shop_behind_doors, shop, uniq_grinder

Skill      XL: |  1  2  3  4 |
---------------+-------------+-----
Fighting       | 4 |  4.7
Long Blades    | 4 |  4.7
Armour         | 3 |  3.9
Dodging        | 3 |  3.4

Action                   |  1- 3 |  4- 6 || total
-------------------------+-------+-------++-------
Melee: Falchion          |   186 |    93 ||   279
Armor: Chain mail        |   106 |    41 ||   147
Dodge: Dodged            |    76 |    39 ||   115
       Rpst.: Falchion   |    18 |    11 ||    29

Table legend: (Time is in decaauts)
 A = Elapsed time spent in this place.
 B = Non-inter-level travel time spent in this place.
 C = Inter-level travel time spent in this place.
 D = Time resting spent in this place.
 E = Time spent auto-exploring this place.
 F = Levels seen in this place.
 G = Mean time per level.
                   A        B        C        D        E       F      G
               +--------+--------+--------+--------+--------+-----+--------+
         Total |   2879 |   2826 |     53 |    426 |   1760 |   3 |  959.7 |
       Dungeon |   2879 |   2826 |     53 |    426 |   1760 |   3 |  959.7 |
               +--------+--------+--------+--------+--------+-----+--------+

Top non-repeatable levels by time:
     D:2: 1425 daAuts
     D:1: 1325 daAuts
     D:3: 127 daAuts
